Map: Emerald City LE

Players

Massa - Winner!

  • Race: Terran Terran
  • Spawn Location: 11:00

qqq - Winner!

  • Race: Protoss Protoss
  • Spawn Location: 11:00

JakoBo

  • Race: Zerg Zerg
  • League: Diamond
  • Spawn Location: 5:00

SubMarine

  • Race: Terran Terran
  • Spawn Location: 5:00

VOD

Have the link to the VOD?

Description

Time

  • Played on: June 13, 2020, 6:07 a.m.
  • Length: 16:47
Show
View Real Time Build Order
Export as new Build Order

Massa Terran - Winner!

Build Orders:  

Get SALT Encoding   

  12  0:08  SCV  
  13  0:17  Supply Depot  
  13  0:20  SCV  
  14  0:33  SCV  
  15  0:41  Barracks  
  15  0:45  SCV  
  17  0:57  SCV  
  17  1:09  SCV  
  18  1:30  Marine  
  19  1:32  Command Center  
  19  1:33  Supply Depot  
  19  1:41  Refinery, SCV  
  20  1:48  Marine  
  20  1:51  Refinery  
  20  1:53  SCV  
  22  2:06  Barracks, Marine  
  23  2:14  Orbital Command  
  23  2:23  Marine  
  24  2:41  Marine  
  25  3:02  Barracks Tech Lab  
  25  3:17  Barracks Tech Lab  
  25  3:26  Marauder  
  27  3:28  SCV x2  
  29  3:40  SCV x2  
  31  3:42  Factory  
  31  3:47  Stimpack  
  31  3:48  Marauder, Concussive Shells  
  33  3:52  SCV x2  
  35  4:01  Engineering Bay  
  35  4:04  SCV x2  
  37  4:12  Supply Depot  
  37  4:16  SCV x2  
  37  4:17  Supply Depot  
  39  4:21  Marauder x2  
  43  4:28  SCV  
  43  4:30  Orbital Command  
  44  4:34  Terran Infantry Weapons Level 1  
  44  4:38  Engineering Bay  
  44  4:41  SCV  
  45  4:49  Factory Tech Lab  
  45  4:53  SCV  
  45  4:55  Refinery  
  46  5:00  Starport  
  46  5:04  Armory  
  46  5:05  SCV  
  46  5:06  Missile Turret  
  47  5:11  Missile Turret  
  47  5:15  Terran Infantry Armor Level 1  
  47  5:20  Marauder  
  49  5:23  Marauder  
  49  5:27  Missile Turret  
  51  5:30  Siege Tank  
  51  5:31  Missile Turret  
  51  5:32  SCV  
  51  5:35  SCV  
  56  5:44  SCV  
  56  5:46  Barracks  
  56  5:47  SCV  
  58  5:52  Marauder x2  
  62  6:14  Supply Depot  
  62  6:15  Supply Depot  
  62  6:16  Supply Depot  
  62  6:36  Marauder x2, Medivac  
  62  6:38  Supply Depot  
  62  6:39  Supply Depot  
  63  6:57  Barracks Tech Lab  
  63  6:58  Marauder x2  
  63  6:59  Siege Tank  
  70  7:06  Medivac  
  72  7:18  Command Center  
  72  7:36  Medivac  
  70  7:58  Marauder  
  70  7:59  Marauder x2  
  73  8:15  Siege Tank  
  78  8:20  Marauder x3  
  78  8:26  Barracks  
  82  8:39  SCV x2  
  82  8:41  Marauder x3  
  90  8:49  Refinery  
  90  8:51  SCV x2  
  92  9:02  Marauder  
  94  9:03  SCV x2, Marauder x2  
  100  9:15  SCV x2  
  102  9:24  Marauder x3  
  78  9:27  SCV  
  78  9:28  SCV  
  60  9:39  Barracks Reactor  
  60  9:45  Marauder  
  66  9:46  Marauder x2  
  66  9:47  Siege Tank  
  66  9:51  Planetary Fortress  
  67  9:59  Refinery  
  65  10:06  Marauder  
  71  10:07  Marauder x2  
  69  10:18  Marine  
  69  10:19  Marine, Siege Tank  
  71  10:24  Refinery  
  71  10:28  Marauder x3  
  75  10:36  Marine x2, Terran Vehicle And Ship Armor Level 1  
  75  10:41  Command Center  
  77  10:43  Barracks  
  77  10:46  Combat Shield  
  77  10:49  Marauder  
  83  10:50  Marauder x2  
  83  10:51  Siege Tank  
  83  10:54  Marine x2  
  88  11:07  Medivac  
  88  11:11  Marauder x3  
  96  11:12  Marine x2  
  98  11:23  Siege Tank  
  101  11:29  Starport, Marine  
  101  11:30  Marine  
  101  11:32  Marauder x2, Marine  
  108  11:37  Medivac  
  110  11:44  SCV x3  
  113  11:47  Marine  
  113  11:48  Marine  
  113  11:50  Marauder  
  113  11:53  Marauder  
  122  11:54  Marauder  
  122  11:56  SCV x2  
  123  12:05  Barracks Tech Lab  
  123  12:12  Marauder  
  123  12:14  Marine  
  123  12:15  Marauder x2, Marine  
  131  12:32  Marine  
  132  12:48  Supply Depot  
  132  13:01  Marine x2  
  132  13:02  Marauder  
  132  13:03  Marauder  
  132  13:04  Marauder  
  129  13:11  Supply Depot  
  117  13:19  Marine x2  
  119  13:24  Marauder x2  
  119  13:25  Marauder  
  125  13:33  Medivac x2  
  129  13:35  Supply Depot  
  129  13:36  Marauder, Marine  
  129  13:37  Marine  
  133  13:43  Thor  
  133  13:45  Marauder  
  133  13:46  SCV x3, Marauder  
  133  13:47  Marauder  
  148  13:53  Orbital Command  
  148  13:57  Marauder, Marine x2, Supply Depot  
  148  13:58  SCV x3  
  149  14:03  Medivac x2  
  149  14:06  Marauder  
  149  14:07  Marauder  
  149  14:08  Marine  
  154  14:10  SCV x3  
  154  14:14  Marine x2  
  145  14:19  Marauder  
  145  14:21  Supply Depot  
  138  14:26  Marauder  
  138  14:28  Marauder  
  138  14:29  Marauder  
  142  14:32  Marine x2  
  142  14:33  Medivac  
  146  14:40  Marauder  
  146  14:44  Supply Depot  
  148  14:47  Marauder  
  148  14:49  Marauder  
  148  14:50  Marauder, Marine x2  
  148  14:51  Thor  
  162  15:00  Factory  
  162  15:01  Marine  
  163  15:07  Supply Depot  
  163  15:08  Marine  
  163  15:09  Marauder  
  163  15:10  Marauder  
  163  15:11  Marauder  
  170  15:19  Marauder  
  154  15:30  Marauder, Supply Depot  
  154  15:32  Marauder  
  154  15:33  Marauder  
  154  15:34  Thor  
  163  15:41  Marauder  
  118  16:18  Marauder  
  118  16:19  Marauder x3, Marine  
  118  16:20  Marine  
  118  16:23  Factory Tech Lab  
Show
View Real Time Build Order
Export as new Build Order

qqq Protoss - Winner!

Build Orders: 1 Gate Expand, Carriers 

Get SALT Encoding   

  12  0:03  Probe  
  13  0:15  Probe  
  14  0:21  Pylon  
  14  0:33  Pylon  
  14  0:38  Probe  
  15  0:57  Gateway  
  15  1:03  Pylon  
  15  1:07  Probe  
  16  1:22  Probe  
  17  1:34  Probe  
  17  1:44  Nexus  
  17  1:48  Cybernetics Core  
  17  2:04  Assimilator  
  17  2:06  Assimilator  
  17  2:07  Probe  
  18  2:20  Probe  
  19  2:24  Pylon  
  19  2:32  Probe  
  20  2:44  Probe, Stalker  
  23  2:56  Probe x2  
  25  3:08  Probe x2  
  27  3:21  Probe  
  28  3:31  Stargate  
  28  3:33  Probe  
  29  3:36  Assimilator  
  29  3:41  Assimilator  
  29  3:45  Probe  
  29  3:46  Stargate  
  30  3:57  Probe  
  31  4:09  Probe  
  32  4:15  Phoenix  
  34  4:21  Probe  
  35  4:33  Probe  
  35  4:34  Pylon  
  35  4:36  Protoss Air Weapons Level 1  
  35  4:37  Fleet Beacon  
  35  4:38  Pylon  
  36  4:42  Pylon  
  36  4:45  Probe, Phoenix  
  39  4:53  Phoenix  
  39  4:57  Probe  
  42  5:09  Probe  
  42  5:10  Phoenix  
  45  5:26  Phoenix  
  47  5:35  Phoenix  
  49  5:43  Anion Pulse-Crystals  
  49  5:45  Probe  
  50  5:51  Phoenix  
  52  5:57  Probe  
  52  6:00  Phoenix  
  55  6:09  Probe  
  56  6:16  Phoenix  
  58  6:21  Probe  
  57  6:33  Probe, Phoenix  
  60  6:40  Phoenix  
  62  6:55  Nexus  
  62  6:58  Phoenix  
  64  7:05  Phoenix  
  66  7:12  Probe  
  67  7:23  Phoenix  
  67  7:24  Probe  
  70  7:30  Phoenix  
  70  7:36  Probe  
  73  7:48  Probe, Phoenix  
  76  7:56  Phoenix  
  78  8:04  Pylon x2  
  78  8:07  Pylon  
  78  8:09  Pylon  
  78  8:11  Pylon  
  78  8:13  Phoenix, Pylon  
  78  8:15  Pylon  
  80  8:21  Phoenix  
  80  8:24  Forge  
  82  8:38  Phoenix  
  82  8:39  Protoss Air Weapons Level 2  
  84  8:46  Phoenix  
  86  9:03  Phoenix  
  88  9:11  Phoenix  
  86  9:28  Phoenix  
  84  9:36  Phoenix  
  84  9:53  Phoenix  
  86  10:01  Carrier  
  92  10:18  Carrier  
  98  10:25  Probe  
  99  10:37  Probe  
  100  10:45  Stargate  
  100  10:48  Stargate  
  100  10:49  Probe  
  101  10:51  Photon Cannon  
  101  10:53  Photon Cannon  
  101  10:56  Photon Cannon  
  101  11:01  Probe  
  101  11:02  Photon Cannon  
  102  11:04  Photon Cannon  
  102  11:13  Probe  
  102  11:16  Photon Cannon  
  99  11:19  Photon Cannon  
  100  11:25  Probe, Pylon  
  100  11:28  Pylon  
  100  11:30  Carrier x2  
  100  11:32  Pylon  
  105  11:55  Mothership  
  113  12:29  Nexus  
  113  12:34  Carrier  
  119  12:38  Pylon  
  119  12:40  Nexus  
  119  12:48  Pylon  
  119  12:53  Pylon  
  119  12:55  Carrier  
  119  12:56  Carrier  
  131  13:01  Pylon  
  131  13:03  Nexus  
  105  13:15  Carrier  
  111  13:23  Pylon  
  111  13:27  Pylon  
  111  13:32  Photon Cannon  
  111  13:38  Photon Cannon  
  109  14:06  Carrier  
  115  14:17  Probe x3  
  118  14:29  Probe x3  
  115  14:41  Probe  
  115  14:44  Carrier  
  122  14:48  Probe  
  123  15:53  Probe x3  
  138  16:05  Probe x3  
  141  16:17  Probe  
Show
View Real Time Build Order
Export as new Build Order

JakoBo Zerg 

Build Orders: Hatch First 

Get SALT Encoding   

  12  0:08  Drone x2  
  14  0:19  Overlord  
  14  0:28  Extractor  
  13  0:40  Drone x2  
  15  0:54  Drone  
  16  1:07  Hatchery  
  15  1:20  Drone  
  15  1:21  Spawning Pool  
  15  1:25  Drone  
  16  1:30  Drone  
  17  1:38  Drone  
  18  1:45  Drone  
  19  1:52  Evolution Chamber  
  19  1:53  Drone  
  19  2:05  Drone  
  20  2:09  Metabolic Boost  
  20  2:11  Queen  
  22  2:18  Zerg Melee Weapons Level 1  
  22  2:30  Drone, Baneling Nest  
  22  2:32  Drone  
  22  2:34  Drone  
  24  2:55  Overlord  
  24  2:57  Drone  
  25  3:00  Spine Crawler  
  25  3:04  Overlord  
  24  3:12  Queen  
  24  3:16  Lair  
  24  3:18  Zergling x2  
  27  3:21  Drone  
  28  3:31  Drone x2  
  28  3:32  Zergling x4  
  32  3:38  Zergling x4  
  34  3:47  Zergling x4  
  36  3:55  Overlord x2  
  36  4:09  Overlord  
  36  4:10  Overlord  
  36  4:14  Zerg Melee Weapons Level 2  
  36  4:19  Drone x2  
  36  4:21  Zergling x6  
  41  4:24  Drone  
  42  4:44  Zergling x8  
  46  4:54  Drone x2  
  46  4:55  Infestation Pit  
  47  5:13  Spore Crawler  
  46  5:15  Spore Crawler  
  46  5:19  Queen  
  46  5:20  Queen  
  49  5:23  Hatchery  
  49  5:25  Baneling x3  
  49  5:27  Baneling  
  48  5:35  Overlord x2  
  48  5:55  Zergling x8  
  48  5:56  Zergling x2  
  53  5:57  Drone  
  54  6:11  Drone x2  
  56  6:18  Queen  
  56  6:25  Hive  
  58  6:30  Extractor  
  57  6:39  Zergling x6  
  61  6:40  Zergling x4  
  56  6:47  Zergling x4  
  53  7:01  Zergling x12  
  57  7:06  Baneling x2  
  57  7:07  Baneling x2  
  58  7:14  Drone  
  58  7:15  Drone x2  
  59  7:25  Zergling x4  
  59  7:26  Zergling x20  
  71  7:35  Zergling x4  
  71  7:36  Baneling  
  68  7:49  Zergling x6  
  68  7:50  Zergling x2  
  59  8:00  Queen  
  59  8:01  Drone x2  
  59  8:05  Queen  
  53  8:13  Zerg Melee Weapons Level 3, Spore Crawler  
  52  8:28  Drone x3  
  52  8:30  Drone x2  
  52  8:31  Drone x2  
  52  8:32  Extractor  
  52  8:33  Extractor  
  57  8:35  Spine Crawler  
  56  8:43  Hydralisk Den  
  53  8:53  Drone  
  53  8:54  Drone x3, Spore Crawler  
  53  8:55  Spore Crawler  
  55  8:57  Centrifical Hooks  
  55  9:11  Zergling x10  
  55  9:12  Zergling x18  
  67  9:18  Zergling x6  
  67  9:22  Zergling x2  
  65  9:27  Zergling x2  
  66  9:35  Hydralisk x3  
  66  9:36  Hydralisk  
  66  9:55  Drone x3  
  66  9:59  Drone x3  
  71  10:04  Zergling x2  
  71  10:05  Extractor, Zergling x2  
  70  10:08  Extractor  
  66  10:17  Zergling x18  
  68  10:29  Hydralisk x2, Muscular Augments  
  68  10:30  Hydralisk  
  74  10:38  Drone  
  74  10:52  Burrow  
  74  10:55  Zergling x6  
  77  10:57  Adrenal Glands  
  77  11:08  Spire  
  77  11:11  Zerg Missile Weapons Level 1  
  76  11:12  Hydralisk  
  76  11:13  Hydralisk  
  80  11:27  Drone x2  
  80  11:30  Overlord x3  
  82  11:48  Queen  
  82  11:50  Grooved Spines  
  84  11:55  Evolution Chamber  
  83  12:01  Ultralisk Cavern  
  83  12:05  Zergling x4  
  83  12:07  Baneling  
  83  12:08  Baneling x3  
  64  12:36  Hydralisk x3  
  59  12:51  Hydralisk x2  
  59  12:53  Zerg Ground Armor Level 1  
  59  12:56  Hatchery, Zerg Flyer Weapons Level 1  
  60  13:00  Ultralisk  
  60  13:05  Hydralisk x2  
  68  13:18  Zergling x2  
  69  13:27  Roach Warren  
  68  13:43  Zergling x24  
  65  14:09  Baneling x3  
  56  14:10  Baneling x3  
  56  14:12  Drone x2  
  56  14:14  Zergling x2  
  56  14:15  Zergling x4  
  56  14:16  Ultralisk  
  65  14:36  Corruptor  
  65  14:37  Corruptor  
  69  14:43  Drone x2  
  71  14:46  Spore Crawler  
  70  14:58  Roach x4  
  70  14:59  Glial Reconstitution  
  78  15:23  Roach x3  
  78  15:24  Roach  
  62  15:37  Corruptor x3  
  68  15:43  Drone x2  
  68  15:46  Drone x2  
  68  15:47  Drone  
  71  15:57  Hydralisk x2  
  71  15:58  Hydralisk  
  71  16:02  Drone x2  
  77  16:13  Spore Crawler  
  71  16:18  Roach x2  
Show
View Real Time Build Order
Export as new Build Order

SubMarine Terran 

Build Orders:  

Get SALT Encoding   

  12  0:00  SCV  
  13  0:13  SCV  
  14  0:18  Supply Depot  
  14  0:25  SCV  
  15  0:40  SCV, Barracks  
  16  0:50  Refinery  
  16  0:52  SCV  
  17  0:59  Barracks  
  17  1:04  SCV  
  18  1:16  SCV  
  19  1:28  SCV  
  19  1:31  Supply Depot  
  19  1:32  Reaper  
  21  1:35  Refinery  
  21  1:40  SCV  
  22  1:50  Reaper  
  24  1:54  SCV  
  24  2:06  SCV  
  25  2:11  Barracks Reactor  
  25  2:23  Command Center  
  25  2:31  SCV  
  25  2:35  Barracks Reactor  
  25  2:36  Barracks Reactor  
  26  2:41  Factory  
  25  3:02  Marine  
  25  3:03  Marine  
  27  3:18  Bunker  
  27  3:19  Orbital Command  
  27  3:20  Marine x2  
  27  3:22  Marine x2  
  27  3:26  Factory Tech Lab  
  31  3:31  Starport  
  31  3:37  Marine  
  33  3:41  SCV  
  33  3:43  Marine  
  33  3:45  SCV  
  35  3:54  Siege Tank  
  38  3:56  SCV  
  38  4:01  SCV  
  40  4:04  Marine x2  
  40  4:09  Starport Tech Lab  
  42  4:13  SCV, Engineering Bay  
  42  4:16  Marine  
  44  4:22  Barracks  
  44  4:29  Supply Depot  
  45  4:34  Orbital Command  
  44  4:41  SCV  
  44  4:44  Terran Infantry Weapons Level 1  
  45  4:51  Supply Depot  
  45  4:53  SCV  
  49  5:05  SCV  
  50  5:12  Barracks  
  50  5:13  Siege Tank  
  53  5:14  SCV  
  53  5:17  Barracks Tech Lab  
  53  5:18  SCV  
  55  5:28  Marine x3  
  55  5:29  Marine  
  55  5:31  SCV, Factory  
  55  5:34  SCV  
  61  5:37  Medivac  
  60  5:43  SCV  
  60  5:46  SCV, Missile Turret  
  60  5:49  Missile Turret  
  62  5:53  Missile Turret  
  62  5:55  Supply Depot  
  62  5:58  Stimpack  
  62  6:15  Missile Turret  
  62  6:16  Marine x2  
  62  6:17  SCV x2  
  66  6:22  Factory Tech Lab  
  66  6:29  SCV  
  66  6:33  Marine x3  
  66  6:34  Marine  
  70  6:44  Supply Depot  
  70  6:45  Supply Depot  
  70  6:47  Command Center  
  70  7:00  Marine x4  
  70  7:01  Barracks Reactor  
  74  7:02  Terran Infantry Armor Level 1  
  74  7:07  Medivac x2  
  76  7:18  Marine x4  
  76  7:20  SCV x2  
  82  7:23  Refinery  
  82  7:25  Refinery  
  65  7:37  Medivac x2  
  76  7:42  Combat Shield  
  76  7:43  Concussive Shells  
  79  7:49  Armory  
  65  7:58  Marauder x2  
  67  7:59  Marine x4  
  67  8:05  SCV x2  
  73  8:09  Refinery  
  73  8:13  Refinery  
  73  8:16  Marine  
  73  8:17  SCV x2, Marine x3, Planetary Fortress  
  73  8:19  Marauder x2  
  82  8:29  SCV x2  
  83  8:34  Marine  
  83  8:35  Marine x3  
  83  8:36  Missile Turret  
  83  8:40  Marine  
  83  8:41  SCV x2, Marauder  
  88  8:53  SCV  
  88  8:54  SCV x2  
  91  9:01  Marine x3  
  91  9:02  Marine x2  
  92  9:05  SCV  
  92  9:06  SCV x2  
  92  9:07  Marine, Siege Tank  
  92  9:08  Siege Tank  
  91  9:17  SCV  
  91  9:19  Marine  
  88  9:29  Marine x4  
  79  9:39  Marine x2  
  79  9:40  SCV, Siege Tank  
  79  9:41  SCV x2  
  83  9:47  Marine x3  
  83  9:48  Marine  
  87  9:55  SCV x3  
  87  9:57  Marine  
  92  10:07  SCV x3, Marine x5  
  92  10:10  Terran Infantry Weapons Level 2  
  99  10:15  Marine, Terran Vehicle Weapons Level 1  
  99  10:16  Engineering Bay, Command Center, Thor  
  106  10:24  Marine  
  106  10:25  Marine  
  108  10:38  SCV  
  109  10:44  SCV x2  
  109  10:46  Supply Depot  
  109  10:47  Supply Depot  
  109  10:48  Marine x4  
  115  10:50  Supply Depot  
  115  10:51  SCV  
  115  10:56  SCV, Barracks  
  117  10:58  Barracks  
  117  11:01  Barracks  
  117  11:07  SCV x2, Siege Tank x2  
  123  11:13  Supply Depot  
  123  11:16  Supply Depot  
  123  11:21  SCV  
  123  11:22  SCV x2  
  123  11:24  Missile Turret  
  126  11:29  Terran Infantry Armor Level 2  
  126  11:39  Thor, Siege Tank  
  135  11:41  Supply Depot  
  135  11:44  Marine, Missile Turret  
  135  11:45  Marauder x2, Marine  
  141  11:47  Barracks Tech Lab x2  
  135  11:57  SCV x4  
  139  12:04  Missile Turret, Ghost Academy  
  139  12:05  Ghost Academy  
  139  12:06  Marauder  
  141  12:09  Ghost Academy  
  141  12:11  Refinery, Planetary Fortress  
  140  12:24  Marine x5  
  140  12:25  Missile Turret  
  140  12:27  Marine, Medivac  
  148  12:32  Siege Tank x2  
  148  12:34  Ghost Academy  
  148  12:35  Barracks Reactor  
  154  12:37  Refinery  
  154  12:41  Marine, Supply Depot  
  154  12:42  Marine x4  
  159  12:45  Terran Infantry Weapons Level 3, Marine  
  159  12:46  Missile Turret  
  160  12:59  Marine  
  160  13:00  Marine, Command Center  
  160  13:04  Supply Depot  
  134  13:07  Marine  
  134  13:08  Marauder x2, Marine  
  101  13:13  Marine x2  
  101  13:17  Marine  
  101  13:18  Marauder x2, Marine  
  108  13:25  Marine  
  108  13:26  Marine  
  109  13:27  Supply Depot  
  109  13:28  Siege Tank x2  
  109  13:29  Marauder x2  
  109  13:31  Marine x2  
  121  13:35  Marine x2  
  121  13:38  Marine x2  
  125  13:43  Marine x2  
  124  13:49  Marine x2  
  124  13:50  Marauder, Marine  
  124  13:53  Marine x2  
  129  13:56  Marine  
  129  13:57  Marauder  
  129  14:00  Marine, Siege Tank  
  129  14:01  Marine  
  124  14:07  Marine x2  
  124  14:08  Marauder, Medivac  
  128  14:10  Marine  
  128  14:11  Marine  
  128  14:12  Marauder  
  128  14:15  Marauder  
  134  14:18  Marauder, Marine  
  134  14:19  Marine  
  136  14:25  Marine x2  
  136  14:28  Marine  
  136  14:29  Marine  
  136  14:30  Marauder  
  139  14:33  Marauder  
  139  14:35  Marine  
  139  14:38  Orbital Command  
  138  14:44  Thor x2  
  142  14:48  Marine  
  142  14:49  Marine x6  
  131  15:24  Marine x6  
  131  15:25  Marauder x2  
  131  15:28  Ghost  
  117  15:46  Marine x2  
  117  15:47  Marine  
  99  15:52  Marine x2  
  93  16:02  Marine x2  
Tags
 
Add a new tag
Caveats
  • Supply blocks, unpowered buildings, or Contaminate may cause inaccurate times.
  • Supply counts are checked every 10 seconds.